 Dungeon Crawl Stone Soup version 0.25.1-2-g60ff931df9 (webtiles) character file.

Game seed: 17610750117464407199

3133 H0rd4k the Thaumaturge (level 9, -5/45 HPs)
             Began as a Deep Elf Wizard on Nov 18, 2020.
             Was an Initiate of Gozag.
             Slain by an orc warrior
             ... wielding a +0 war axe
              (12 damage)
             ... on level 8 of the Dungeon.
             The game lasted 00:18:46 (10828 turns).

H0rd4k the Thaumaturge (Deep Elf Wizard)           Turns: 10828, Time: 00:18:46

Health: -5/45      AC:  2    Str:  8    XL:     9   Next: 61%
Magic:  5/27       EV: 13    Int: 31    God:    Gozag
Gold:   446        SH:  0    Dex: 13    Spells: 24/33 levels left

rFire    x . .     SeeInvis +   (no weapon)
rCold    + . .     Gourm    .   (no shield)
rNeg     + . .     Faith    .   a - +0 robe
rPois    .         Spirit   .   b - +0 hat
rElec    .         Reflect  .   (no cloak)
rCorr    .         Harm     .   (no gloves)
MR       .....                  (no boots)
Stlth    ++........             (no amulet)
HPRegen  0.15/turn              c - ring "Nozununk" {Ice rN+ Str+4 Int+4}
MPRegen  0.20/turn              n - ring of see invisible

@: no status effects
A: no striking features
a: Potion Petition, Call Merchant, Bribe Branch, Renounce Religion


You were on level 8 of the Dungeon.
You worshipped Gozag.
Gozag was aware of your devotion.
You were not hungry.

You visited 1 branch of the dungeon, and saw 8 of its levels.

You collected 522 gold pieces.
You paid 76 gold pieces to Gozag.

Inventory:

Armour
 a - a +0 robe (worn)
 b - a +0 hat (worn)
Jewellery
 c - the ring "Nozununk" (left hand) {Ice rN+ Str+4 Int+4}
   (You found it on level 4 of the Dungeon)

   [ring of ice]

   It enhances your ice magic.
   It affects your strength (+4).
   It affects your intelligence (+4).
   It makes you vulnerable to fire.
   It protects you from cold.
   It protects you from negative energy.
 j - an uncursed ring of ice
 k - an uncursed ring of protection from cold
 n - a ring of see invisible (right hand)
Wands
 r - a wand of random effects (16)
 y - a wand of iceblast (10)
Scrolls
 e - a scroll of blinking {unknown}
 f - 2 scrolls of teleportation
 g - 3 scrolls of immolation
 h - 3 scrolls of amnesia {unknown}
 l - 4 scrolls of remove curse {unknown}
 q - 3 scrolls of enchant armour
 u - 3 scrolls of identify
 w - a scroll of brand weapon {unknown}
Potions
 i - a potion of lignification
 m - 3 potions of ambrosia
 o - a potion of stabbing {unknown}
 p - a potion of curing
 s - a potion of resistance {unknown}
 t - a potion of degeneration {unknown}
 v - a potion of flight {unknown}
 x - a potion of invisibility {unknown}
 z - a potion of heal wounds {unknown}
Comestibles
 d - 18 rations


   Skills:
 + Level 3.7 Dodging
 + Level 3.5 Stealth
 + Level 12.6 Spellcasting
 + Level 8.7 Conjurations
   Level 1.1 Summonings
 + Level 2.1 Translocations
 + Level 3.5 Fire Magic
 + Level 1.4 Air Magic
 + Level 1.9 Poison Magic


You had 24 spell levels left.
You knew the following spells:

 Your Spells              Type           Power        Failure   Level  Hunger
a - Magic Dart            Conj           ####         1%          1    None
b - Blink                 Tloc           N/A          1%          2    None
c - Conjure Flame         Conj/Fire      ######..     1%          3    None
d - Mephitic Cloud        Conj/Pois/Air  #####...     1%          3    None

Your spell library contained the following spells:

 Spells                   Type           Power        Failure   Level  Hunger
 Call Imp                 Summ           ####....     2%          2    None
 Slow                     Hex            ###.....     3%          2    None


Dungeon Overview and Level Annotations

Branches:
Dungeon (8/15)             Temple (0/1) D:6
   Lair: D:8-11

Altars:
Gozag
Hepliaklqana
Kikubaaqudgha
Qazlal
Sif Muna
Uskayaw
Xom
Yredelemnul
The Shining One

Shops:
D:4 ?   D:5 ?   D:7 }

Annotations:
D:1 exclusion: 2 downstairs
D:2 exclusion: downstairs
D:5 exclusion: downstairs


Message History

The orc warrior hits you with a +0 war axe!
* * * LOW HITPOINT WARNING * * *
You see here a short sword.
Casting: Blink (safe; 1% risk of failure)
Confirm with . or Enter, or press ? or * to list all spells.
You don't have enough magic to cast that spell.
There are monsters nearby!
Unknown command.
There is an open door here.
The leopard gecko hisses menacingly.
Items here: $ )) [[ 14 gold pieces; a +0 dagger; a +0 robe; a +0 dagger; a cursed +0 robe
Casting: Blink (safe; 1% risk of failure)
Confirm with . or Enter, or press ? or * to list all spells.
You blink.
You see here a robe.
There is an open door here.
The orc warrior hits you with a +0 war axe!
You die...
Your body crumbles into a pile of gold.

#.........#.######'##
#########.#l##.!$...#
#.#o##....).#
#.#.##...[..#
#.#.######.##
#.#o######.#
###.#.....>#.#
##............# ##
#...@o........######.
#...#######..(..$$.$.
#...W..l[....(######o
#...##########.#.#.#l
#...# #.#.#l#.# #####
##.#.#.#. #.#.#.#.#
##.#.#.#. #.#.#.#.#


You could see an orc warrior and an orc (wandering).

Vanquished Creatures
  A water moccasin (D:7)
  An ice beast (D:6)
  2 orc warriors (D:7)
  4 sky beasts
  2 ogres (D:8)
  3 centaurs
  A big kobold (D:6)
  2 bullfrogs
  A water moccasin skeleton (D:6)
  A scorpion (D:8)
  10 killer bees (D:7)
  A bullfrog zombie (D:5)
  2 crimson imps
  3 hounds
  6 orc priests
  11 orc wizards
  3 bullfrog skeletons
  3 iguanas
  5 worker ants
  A killer bee zombie (D:6)
  2 hound zombies
  A hound skeleton (D:6)
  A worker ant zombie (D:7)
  8 adders
  6 gnolls
  A howler monkey skeleton (D:4)
  A shadow imp (D:7)
  An adder zombie (D:7)
  3 worms
  4 dart slugs (D:1)
  4 leopard geckos
  23 orcs
  9 bats
  2 giant cockroaches
  9 goblins
  13 hobgoblins
  17 jackals
  11 kobolds
  2 quokkas (D:3)
  2 ball pythons
  4 frilled lizards
  A leopard gecko skeleton (D:4)
  3 rats
191 creatures vanquished.

Vanquished Creatures (others)
  3 fungi (D:8)
3 creatures vanquished.

Grand Total: 194 creatures vanquished

Notes
Turn   | Place    | Note
-------+----------+-------------------------------------------
     0 | D:1      | H0rd4k the Deep Elf Wizard began the quest for the Orb.
     0 | D:1      | Reached XP level 1. HP: 10/10 MP: 7/7
   360 | D:1      | Reached XP level 2. HP: 15/15 MP: 0/9
   456 | D:1      | Reached skill level 5 in Spellcasting
  1073 | D:1      | Reached XP level 3. HP: 16/19 MP: 1/12
  1077 | D:1      | Learned a level 2 spell: Blink
  1081 | D:1      | Learned a level 3 spell: Conjure Flame
  1085 | D:1      | Learned a level 3 spell: Mephitic Cloud
  1852 | D:2      | Reached XP level 4. HP: 20/24 MP: 3/13
  1975 | D:2      | Found a stormy altar of Qazlal.
  1999 | D:2      | Reached skill level 6 in Spellcasting
  1999 | D:2      | Reached skill level 1 in Fire Magic
  1999 | D:2      | Reached skill level 1 in Air Magic
  1999 | D:2      | Reached skill level 1 in Poison Magic
  2169 | D:2      | Reached XP level 5. HP: 28/28 MP: 10/15
  2348 | D:3      | Found a hazy altar of Hepliaklqana.
  2557 | D:3      | Found a basalt altar of Yredelemnul.
  3435 | D:4      | Reached skill level 7 in Spellcasting
  3580 | D:4      | Noticed a centaur
  3604 | D:4      | Killed a centaur
  3604 | D:4      | Reached XP level 6. HP: 22/32 MP: 2/18
  4217 | D:4      | Reached skill level 8 in Spellcasting
  4460 | D:4      | Got a vibrating platinum ring
  4477 | D:4      | Identified the ring "Nozununk" {Ice rN+ Str+4 Int+4} (You
                  | found it on level 4 of the Dungeon)
  4574 | D:4      | Found Qaled's Magic Scroll Emporium.
  4601 | D:4      | Found a shimmering altar of Xom.
  4720 | D:4      | Reached XP level 7. HP: 34/36 MP: 3/21
  5002 | D:5      | Entered Level 5 of the Dungeon
  5199 | D:5      | Found Recwug's Magic Scroll Emporium.
  5215 | D:5      | Reached skill level 9 in Spellcasting
  5334 | D:5      | Reached skill level 5 in Conjurations
  5823 | D:5      | Found a glowing golden altar of the Shining One.
  6226 | D:6      | Found a hide-covered altar of Uskayaw.
  6237 | D:5      | Reached XP level 8. HP: 8/41 MP: 16/23
  6809 | D:6      | Reached skill level 10 in Spellcasting
  7347 | D:6      | Found a staircase to the Ecumenical Temple.
  7846 | D:6      | Found an opulent altar of Gozag.
  7934 | D:6      | Found a shimmering blue altar of Sif Muna.
  8557 | D:6      | Found an ancient bone altar of Kikubaaqudgha.
  8640 | D:6      | Became a worshipper of Gozag Ym Sagoz the Greedy
  9098 | D:7      | Reached skill level 11 in Spellcasting
  9289 | D:7      | Reached XP level 9. HP: 22/45 MP: 20/26
  9902 | D:7      | Found Ruudum Ufia's Gadget Boutique.
 10201 | D:7      | Reached skill level 12 in Spellcasting
 10828 | D:8      | Slain by an orc warrior

Illustrated notes

Levels and vault maps discovered:
D:1:      dpeg_arrival_chambers_temple_mockup, layout_basic
D:2:      layout_basic, old_standard_altar
D:3:      layout_basic, nicolae_overflow_hidden_temple,
          yredelemnul_altar_generic, first_ration
D:4:      layout_basic, xom_butterflies, serial_shops, nicolae_shop_trees
D:5:      layout_basic, old_standard_altar, serial_shops, kennysheep_mini_moat
D:6:      layout_basic, old_standard_altar, eat_drink_and_be_merry_uskayaw,
          marbit_many_paths, minmay_temple_entry_glassed_door,
          nicolae_gozag_cash_rules_everything_around_me
D:7:      layout_loops_ring, serial_shops, shop
D:8:      layout_basic, due_lair_maze_entry_diamond, gup_ossuary_entry_pyramid

Skill      XL: |  1  2  3  4  5  6  7  8  9 |
---------------+----------------------------+-----
Spellcasting   | 5 6 7 8 9 11 12 | 12.6
Conjurations   | 2 3 5 7 8 |  8.7
Fire Magic     | 1 2 3 |  3.5
Air Magic      | 1 |  1.4
Poison Magic   | 1 |  1.9
Stealth        | 3 |  3.5
Dodging        | 3 |  3.7
Translocations | 2 |  2.1
Summonings     | |  1.1

Action                   |  1- 3 |  4- 6 |  7- 9 || total
-------------------------+-------+-------+-------++-------
 Cast: Magic Dart        |   118 |   178 |   332 ||   628
       Mephitic Cloud    |       |     4 |    15 ||    19
       Conjure Flame     |       |     5 |    28 ||    33
       Blink             |       |     2 |    11 ||    13
Evoke: Wand              |       |       |     1 ||     1
  Use: Scroll            |       |     7 |     2 ||     9
       Potion            |       |       |     3 ||     3
  Eat: Chunk             |     3 |     7 |    10 ||    20
       Ration            |       |       |     3 ||     3
Armor: Robe              |     3 |     2 |    13 ||    18
Dodge: Dodged            |    17 |    21 |    90 ||   128
